 Dungeon Crawl Stone Soup version 0.29.0-11-gd7f09526c8 (webtiles) character file.

Game seed: 14827661244793281621

13972 tilp the Basher (level 11, -10/92 HPs)
             Began as a Demonspawn Gladiator on Sept 4, 2022.
             Was a Priest of Nemelex Xobeh.
             Mangled by a two-headed ogre
             ... wielding a +0 giant club
              (29 damage)
             ... on level 2 of the Orcish Mines.
             The game lasted 00:23:23 (17520 turns).

tilp the Basher (Demonspawn Gladiator)             Turns: 17520, Time: 00:23:23

Health: -10/92     AC: 16    Str: 21    XL:     11   Next: 82%
Magic:  14/14      EV: 13    Int: 10    God:    Nemelex Xobeh [***...]
Gold:   429        SH:  0    Dex: 14    Spells: 10/10 levels left

rFire   . . .      SeeInvis +   a - +1 flail
rCold   . . .      Faith    .   (no shield)
rNeg    . . .      Spirit   .   H - +3 scale mail of the Big Bang {Str+2}
rPois   .          Reflect  .   c - +2 helmet
rElec   .          Harm     .   D - +1 cloak
rCorr   .          Rampage  .   (no gloves)
Will    +....                   (no boots)
Stlth   +.........              (no amulet)
HPRegen 0.25/turn               i - ring of see invisible
MPRegen 0.14/turn               n - ring of willpower

@: no status effects
A: slimy green scales 1, ignite blood 1, demonic magic 1, demonic touch 2
a: Renounce Religion, Draw Escape, Draw Destruction, Draw Summoning, Triple Draw


You were on level 2 of the Orcish Mines.
You worshipped Nemelex Xobeh.
Nemelex Xobeh was most pleased with you.
You visited 3 branches of the dungeon, and saw 14 of its levels.

You collected 754 gold pieces.
You spent 325 gold pieces at shops.

Inventory:

Hand Weapons
 a - a +1 flail (weapon)
 b - a +1 whip of venom
 p - a +3 mace
 y - a +1 hand axe of flaming
 R - a +0 dire flail
Missiles
 d - 3 throwing nets
 e - 14 poisoned darts (quivered)
 A - 64 stones
 B - 9 atropa-tipped darts
 E - a javelin
 G - 3 boomerangs
Armour
 c - a +2 helmet (worn)
 w - a +0 pair of gloves
 D - a +1 cloak (worn)
 H - the +3 scale mail of the Big Bang (worn) {Str+2}
   (You found it on level 7 of the Dungeon)

   Str:       It affects your strength (+2).
Jewellery
 h - a ring of magical power
 i - a ring of see invisible (left hand)
 n - a ring of willpower (right hand)
 o - a ring of flight
 C - a ring of positive energy
 J - a +6 ring of intelligence
 N - a ring of magical power
 O - a ring of ice
Scrolls
 m - a scroll of fear
 q - a scroll of torment
 r - a scroll of blinking
 s - 2 scrolls of amnesia
 t - 3 scrolls of teleportation
 v - a scroll of butterflies
 F - a scroll of enchant weapon
 I - 2 scrolls of immolation
 K - a scroll of silence {unknown}
 M - a scroll of magic mapping
Potions
 f - 3 potions of ambrosia
 g - 6 potions of mutation
 j - 10 potions of curing
 k - 7 potions of attraction
 l - 3 potions of lignification
 u - a potion of heal wounds {unknown}
 x - 2 potions of flight
 z - 2 potions of might {unknown}
 L - 2 potions of haste {unknown}
Miscellaneous
 P - a lightning rod (inert)
 Q - a tin of tremorstones (1/2)


   Skills:
 + Level 10.9 Fighting
 - Level 14.0 Maces & Flails
 - Level 6.0 Throwing
 - Level 8.0 Dodging
 - Level 4.0 Stealth
 - Level 4.0 Invocations


You had 10 spell levels left.
You didn't know any spells.
Your spell library contained the following spells:

 Spells                   Type           Power      Damage    Failure   Level
 Necrotise                Necr           0%         1d4       73%         1
 Slow                     Hex            0%         N/A       73%         1
 Blink                    Tloc           0%         N/A       86%         2
 Scorch                   Fire           0%         2d5       86%         2
 Confusing Touch          Hex            0%         N/A       97%         3
 Vampiric Draining        Necr           0%         2d6       97%         3
 Anguish                  Hex/Necr       0%         N/A       100%        4
 Flame Wave               Conj/Fire      0%         2d4       100%        4
 Agony                    Necr           0%         N/A       100%        5
 Blade Hands              Tmut           0%         N/A       100%        5
 Irradiate                Conj/Tmut      0%         3d11      100%        5
 Manifold Assault         Tloc           0%         N/A       100%        5
 Summon Cactus Giant      Summ           0%         N/A       100%        6
 Dragon Form              Tmut           0%         N/A       100%        7
 Enfeeble                 Hex            0%         N/A       100%        7
 Storm Form               Tmut/Air       0%         N/A       100%        7


Dungeon Overview and Level Annotations

Branches:
Dungeon (11/15)            Temple (1/1) D:5            Lair (0/5) D:11
    Orc (2/2) D:11
    Elf: Orc:2

Altars:
Ashenzari
Cheibriados
Dithmenos
Fedhas
Gozag
Hepliaklqana
Kikubaaqudgha
Makhleb
Nemelex Xobeh
Okawaru
Qazlal
Ru
Sif Muna
Trog
Uskayaw
Vehumet
Wu Jian
Xom
Yredelemnul

Shops:
D:1 :   D:2 *   D:10 =   Orc:2 :

Annotations:
D:4 1 runed translucent door, Camille's ghost, journeyman OgIE
D:10 3 runed translucent doors, sanka's ghost, journeyman DrMo


Innate Abilities, Weirdness & Mutations

You are partially covered in slimy green scales. (AC +2)
Your demonic aura sometimes causes spilled blood to erupt in flames.
Spells you cast may paralyse adjacent enemies.
Your touch may inflict irresistible damage on your foes.


Message History

There is a stone staircase leading down here.
The orc wizard shouts!
The orc wizard closely misses you.
The ettin hits you with a +0 dire flail!!
The ettin hits you but does no damage.
The orc priest hits you but does no damage.
The orc closely misses you. The two-headed ogre barely misses you.
The two-headed ogre hits you with a +0 giant club.
The orc wizard mumbles some strange words.
The orc wizard flickers and vanishes for a moment.
You climb downwards.
There is a stone staircase leading up here.
Unknown command.
Unknown command.
Unknown command.
Unknown command.
As you read the scroll of fear, it crumbles to dust.
You assume a fearsome visage.
The two-headed ogre easily resists.
The ettin looks frightened!
The orc wizard looks frightened!
The orc priest looks frightened!
The orc looks frightened!
The orc wizard mumbles some strange words.
The orc wizard flickers and vanishes for a moment.
The two-headed ogre hits you with a +0 giant club!!
* * * LOW HITPOINT WARNING * * *
The two-headed ogre hits you with a +0 giant club!
* * * LOW HITPOINT WARNING * * *
Unknown command.
Unknown command.
Unknown command.
You sock the two-headed ogre!
You touch the two-headed ogre!
The two-headed ogre is moderately wounded.
Unknown command.
You hit the two-headed ogre.
You touch the two-headed ogre!
The two-headed ogre is heavily wounded.
Unknown command.
You hit the two-headed ogre.
The two-headed ogre is heavily wounded.
The two-headed ogre hits you with a +0 giant club!!
You die...
Your body disappears without a glow.

#.........##..#...)....##
....)[....................
)..[.[....................#
................##..........
....#............#..........
..####.......o...##........#
...##...........## .......
....##.....#....## #....
..........###...@##.....
...........#o...O.......
...........#............
#.......#.###..........#
###.....### ##C.....o###
.........####.........#
...........###..........
...........#............
.............♣..........


You could see an ettin (fleeing), a two-headed ogre, an orc priest (fleeing), an
orc wizard (invisible, fleeing) and an orc (fleeing).

Vanquished Creatures
  An ettin (Orc:2)
  2 two-headed ogres
  An anaconda (D:11)
  A centaur warrior (D:11)
  2 gargoyles (D:11)
  Maggie (D:8)
  A kobold demonologist (D:10)
  2 komodo dragons
  2 trolls
  Prince Ribbit (D:6)
  Sigmund (D:6)
  3 wraiths
  2 wyverns
  14 yaks
  2 steam dragons (D:8)
  Menkaure (D:6)
  A warg (D:11)
  Duvessa (D:4)
  An acid dragon (D:11)
  A water moccasin (D:6)
  3 black bears
  11 orc warriors
  A sky beast (D:8)
  An ice beast (D:7)
  5 ogres
  A boggart (Orc:2)
  2 centaurs (D:7)
  2 kobold brigands (D:7)
  9 scorpions
  5 bullfrogs
  8 killer bees
  9 wights
  Dowan (D:4)
  2 howler monkeys (D:8)
  A hound (D:6)
  5 orc priests
  A gnoll bouda (D:4)
  3 jellies
  8 orc wizards
  7 iguanas
  10 gnolls
  4 adders
  A shadow imp (D:7)
  An ufetubus (D:7)
  A worm (D:3)
  5 dart slugs
  41 orcs
  6 bats
  7 endoplasms
  2 giant cockroaches (D:1)
  8 goblins
  2 hobgoblins (D:3)
  9 jackals
  A quokka (D:1)
  15 ball pythons
  4 frilled lizards
  4 kobolds (D:3)
  4 rats
251 creatures vanquished.

Vanquished Creatures (others)
  A sky beast (D:7)
  2 plants (D:10)
3 creatures vanquished.

Grand Total: 254 creatures vanquished

Notes
Turn   | Place    | Note
-------+----------+-------------------------------------------
     0 | D:1      | tilp the Demonspawn Gladiator began the quest for the Orb.
     0 | D:1      | Reached XP level 1. HP: 16/16 MP: 1/1
   283 | D:1      | Found Xeyrghye's Vocational Training.
   291 | D:1      | Reached skill level 3 in Maces & Flails
   298 | D:1      | Gained mutation: Your touch may inflict minor irresistible
                  | damage on your foes. [demonic ancestry]
   298 | D:1      | Reached XP level 2. HP: 20/22 MP: 2/2
   867 | D:1      | Gained mutation: Your touch may inflict irresistible damage
                  | on your foes. [demonic ancestry]
   867 | D:1      | Reached XP level 3. HP: 28/28 MP: 3/3
   913 | D:1      | Identified a scroll of acquirement
   913 | D:1      | Acquired a manual of Maces & Flails
  1252 | D:2      | Found Jaeddafe's General Store.
  1331 | D:2      | Found a faded altar of an unknown god.
  1485 | D:2      | Reached skill level 4 in Maces & Flails
  1699 | D:2      | Found an ancient bone altar of Kikubaaqudgha.
  2275 | D:3      | Gained mutation: Your demonic aura sometimes causes spilled
                  | blood to erupt in flames. [demonic ancestry]
  2275 | D:3      | Reached XP level 4. HP: 34/34 MP: 4/4
  2325 | D:3      | Reached skill level 5 in Maces & Flails
  2514 | D:3      | Gained mutation: You are partially covered in slimy green
                  | scales. (AC +2) [demonic ancestry]
  2514 | D:3      | Reached XP level 5. HP: 28/41 MP: 5/5
  3718 | D:4      | Reached skill level 6 in Maces & Flails
  3791 | D:4      | Noticed an ogre
  3968 | D:4      | Reached XP level 6. HP: 42/48 MP: 6/6
  4341 | D:4      | Reached skill level 1 in Stealth
  4663 | D:4      | Found an ancient bone altar of Kikubaaqudgha.
  4666 | D:4      | Noticed Duvessa
  4666 | D:4      | Noticed Dowan
  4669 | D:4      | Killed Duvessa
  4670 | D:4      | Reached XP level 7. HP: 52/55 MP: 7/7
  4672 | D:4      | Killed Dowan
  5091 | D:4      | Found a runed translucent door.
  5098 | D:4      | Noticed Camille's ghost (journeyman OgIE)
  5254 | D:4      | Reached skill level 7 in Maces & Flails
  5261 | D:5      | Entered Level 5 of the Dungeon
  5567 | D:5      | Found a bloodstained altar of Trog.
  5758 | D:5      | Found a staircase to the Ecumenical Temple.
  5778 | Temple   | Entered the Ecumenical Temple
  5854 | Temple   | Became a worshipper of Nemelex Xobeh the Trickster
  5976 | D:5      | Reached skill level 5 in Fighting
  6284 | D:5      | Reached XP level 8. HP: 62/62 MP: 8/8
  6703 | D:6      | Reached skill level 8 in Maces & Flails
  7050 | D:6      | You fall into a shaft and drop 3 floors!
  7567 | D:9      | Reached skill level 9 in Maces & Flails
  7707 | D:9      | Reached * piety under Nemelex Xobeh
  7733 | D:9      | Reached skill level 10 in Maces & Flails
  7737 | D:9      | Reached XP level 9. HP: 46/69 MP: 9/9
  8559 | D:8      | Found an iron altar of Okawaru.
  8736 | D:6      | Noticed Menkaure
  8951 | D:6      | Killed Menkaure
  8952 | D:6      | Reached skill level 5 in Dodging
  9167 | D:6      | Found a basalt altar of Yredelemnul.
  9172 | D:6      | Received a gift from Nemelex Xobeh
  9173 | D:6      | Noticed Sigmund
  9181 | D:6      | Killed Sigmund
  9182 | D:6      | Reached skill level 11 in Maces & Flails
  9541 | D:6      | Noticed Prince Ribbit
  9558 | D:6      | Killed Prince Ribbit
 10206 | D:7      | Gained mutation: Spells you cast may paralyse adjacent
                  | enemies. [demonic ancestry]
 10206 | D:7      | Reached XP level 10. HP: 21/80 MP: 10/10
 10589 | D:7      | Identified the +3 scale mail of the Big Bang {Str+2}
 10673 | D:7      | Reached skill level 12 in Maces & Flails
 10719 | D:7      | Reached skill level 1 in Invocations
 11158 | D:7      | Reached ** piety under Nemelex Xobeh
 11487 | D:8      | Received a gift from Nemelex Xobeh
 11577 | D:8      | Found a hazy altar of Hepliaklqana.
 11699 | D:8      | Noticed Maggie
 11728 | D:8      | Killed Maggie
 11729 | D:8      | Reached skill level 13 in Maces & Flails
 12466 | D:9      | Noticed a two-headed ogre
 12656 | D:9      | Killed a two-headed ogre
 13366 | D:10     | Entered Level 10 of the Dungeon
 13411 | D:10     | Reached skill level 14 in Maces & Flails
 13560 | D:10     | Found a burning altar of Makhleb.
 13949 | D:10     | Reached XP level 11. HP: 87/87 MP: 14/14
 14085 | D:10     | Found a runed translucent gate.
 14085 | D:10     | Found a runed translucent gate.
 14085 | D:10     | Found a runed translucent gate.
 14086 | D:10     | Noticed a ten-headed hydra
 14086 | D:10     | Noticed a nine-headed hydra
 14086 | D:10     | Noticed sanka's ghost (journeyman DrMo)
 14089 | D:10     | Noticed a soul eater
 14236 | D:10     | Reached skill level 5 in Throwing
 14436 | D:10     | Received a gift from Nemelex Xobeh
 14462 | D:10     | Found Tyneff's Jewellery Emporium.
 14632 | D:10     | Bought a ring of ice for 325 gold pieces
 14661 | D:11     | Noticed a centaur warrior
 14672 | D:11     | Killed a centaur warrior
 14688 | D:11     | Noticed a boulder beetle
 15463 | D:11     | Found a staircase to the Orcish Mines.
 15471 | D:11     | Found a staircase to the Lair.
 15480 | D:11     | Noticed an anaconda
 15480 | D:11     | a boulder beetle changed into an anaconda
 15482 | D:11     | Identified the +3 demon trident of Midnight {elec, rF++ rN+
                  | Stlth+}
 15485 | D:11     | Killed an anaconda
 15853 | D:11     | Reached *** piety under Nemelex Xobeh
 16121 | D:11     | Noticed a two-headed ogre
 16132 | D:11     | Killed a two-headed ogre
 16526 | Orc:1    | Entered Level 1 of the Orcish Mines
 16534 | Orc:1    | Reached skill level 10 in Fighting
 16620 | Orc:2    | Entered Level 2 of the Orcish Mines
 16620 | Orc:2    | Noticed an orc knight
 16625 | Orc:2    | an orc knight changed into a komodo dragon
 16928 | Orc:2    | Received a gift from Nemelex Xobeh
 16935 | Orc:2    | Noticed an ettin
 17240 | Orc:2    | Killed an ettin
 17488 | Orc:2    | Found Cuarph's Book Emporium.
 17514 | Orc:1    | Noticed a two-headed ogre
 17514 | Orc:1    | Noticed an ettin
 17520 | Orc:2    | Mangled by a two-headed ogre

Illustrated notes

Levels and vault maps discovered:
D:1:      nzn_arrival_depleted_hourglass, layout_basic, minmay_liquid_box,
          nicolae_shop_vocational
D:2:      layout_loops_ring, serial_shops, shop, ebering_ecumenical_altar_box,
          basic_altar, st_stairs_12
D:3:      layout_basic, elyvilon_altar_3, amethyst_killhole
D:4:      layout_basic, kiku_gazebo_pond_becter, ebering_ghost_sewer_d,
          kennysheep_another_room, uniq_duvessa
D:5:      layout_basic, trog_three_pillars_becter,
          minmay_temple_entry_purple_smoke
D:6:      layout_gridville, mainiacjoe_overflow_boulevard, uniq_prince_ribbit1,
          uniq_sigmund, uniq_menkaure
D:7:      minmay_recursive_quarters, layout_basic
D:8:      layout_basic, nzn_hepliaklqana_mist_gate, okawaru_trees_1, uniq_maggie
D:9:      layout_grid_maze
D:10:     layout_long_grid, minitemple, gammafunk_ghost_hydra_chop,
          serial_shops, shop
D:11:     layout_basic, lair_entry_dummy, david_orc_3,
          portal_ice_cave_entry_pillars_1
Temple:   eino_temple_lava
Orc:1:    layout_caves, basic_altar
Orc:2:    grunt_orc_tribal_feast, layout_diamond_mine,
          ebering_ghost_disaster_area, serial_shops,
          nicolae_shop_hallway_stairs, nicolae_shop_trees,
          nicolae_shop_temple_entry_statues_fountains, uniq_sonja

Skill      XL: |  1  2  3  4  5  6  7  8  9 10 11 |
---------------+----------------------------------+-----
Maces & Flails | 3 4 5 6 7 10 11 14 | 14.0
Fighting       | 3 4 5 6 7 8 10 | 10.9
Throwing       | 2 3 4 6 |  6.0
Dodging        | 3 4 6 8 |  8.0
Stealth        | 1 2 4 |  4.0
Invocations    | 4 |  4.0

Action                   |  1- 3 |  4- 6 |  7- 9 | 10-12 || total
-------------------------+-------+-------+-------+-------++-------
Melee: Flail             |   114 |   100 |   260 |   354 ||   828
       Touch             |    17 |    21 |    46 |    68 ||   152
       Punch             |       |     1 |     4 |     8 ||    13
Throw: Javelin           |       |     1 |       |     1 ||     2
       Dart              |       |     2 |    34 |    25 ||    61
Invok: Draw Destruction  |       |       |       |     4 ||     4
       Draw Summoning    |       |       |       |     2 ||     2
Evoke: Wand              |       |       |     1 |     7 ||     8
       Lightning rod     |       |       |       |     4 ||     4
       Tin of tremorston |       |       |       |     1 ||     1
  Use: Scroll            |     8 |     2 |     5 |    11 ||    26
       Potion            |       |       |       |     1 ||     1
 Stab: Sleeping          |       |       |     1 |       ||     1
       Distracted        |       |       |       |     1 ||     1
Armor: Ring mail         |    47 |    33 |    75 |       ||   155
       Scale mail        |       |       |       |   124 ||   124
Dodge: Dodged            |    88 |    54 |   133 |   163 ||   438
